 Dungeon Crawl Stone Soup version 0.28.0-49-g6dfe1f597d (webtiles) character file.

Game seed: 16387467875594501544

14665 McKennaii the Protected (level 11, -19/101 HPs)
             Began as a Demigod Fighter on May 14, 2022.
             Demolished by a wolf spider simulacrum (30 damage)
             ... on level 12 of the Dungeon.
             The game lasted 00:21:12 (16269 turns).

McKennaii the Protected (Demigod Fighter)          Turns: 16269, Time: 00:21:13

Health: -19/101    AC: 18    Str: 35    XL:     11   Next: 61%
Magic:  14/14      EV: 12    Int: 10    God:
Gold:   730        SH:  5    Dex: 13    Spells: 10/10 levels left

rFire   . . .      SeeInvis .   j - +5 demon trident (elec)
rCold   . . .      Faith    .   c - +0 buckler
rNeg    . . .      Spirit   .   C - +0 plate armour
rPois   .          Reflect  .   (no helmet)
rElec   .          Harm     .   G - scarf {+Inv}
rCorr   .          Rampage  .   (no gloves)
Will    +....                   i - +2 pair of boots
Stlth   ..........              (no amulet)
HPRegen 0.26/turn               J - +4 ring of evasion
MPRegen 0.14/turn               e - +6 ring of strength

@: no status effects
A: high MP 1, forlorn, divine attributes
a: Evoke Invisibility


You were on level 12 of the Dungeon.
You visited 1 branch of the dungeon, and saw 12 of its levels.
You also visited: Ossuary.

You collected 730 gold pieces.

Inventory:

Hand Weapons
 j - a +5 demon trident of electrocution (weapon)
Armour
 c - a +0 buckler (worn)
 i - a +2 pair of boots (worn)
 C - a +0 plate armour (worn)
 G - a scarf of invisibility (worn)
Jewellery
 e - a +6 ring of strength (right hand)
 I - a ring of ice
 J - a +4 ring of evasion (left hand)
 L - a ring of poison resistance
 N - a ring of resist corrosion
Wands
 o - a wand of digging (6)
 K - a wand of acid (2)
Scrolls
 a - 2 scrolls of summoning
 b - 2 scrolls of enchant weapon
 g - 2 scrolls of fog
 k - 3 scrolls of immolation
 m - 4 scrolls of teleportation
 n - 3 scrolls of noise
 p - 2 scrolls of fear
 q - a scroll of brand weapon
 t - 6 scrolls of enchant armour {unknown}
 w - a scroll of holy word {unknown}
 y - a scroll of vulnerability {unknown}
 A - 2 scrolls of blinking {unknown}
 B - 3 scrolls of amnesia {unknown}
 D - a scroll of magic mapping
 F - a scroll of torment {unknown}
Potions
 d - a potion of might
 f - 2 potions of haste
 h - 5 potions of curing
 l - a potion of heal wounds
 s - 2 potions of mutation
 u - a potion of cancellation
 v - 2 potions of invisibility
 x - 2 potions of brilliance
 z - 2 potions of flight {unknown}
 H - 2 potions of attraction {unknown}
 M - a potion of berserk rage {unknown}


   Skills:
 + Level 10.6 Fighting
 + Level 10.4 Polearms
 + Level 10.6 Armour
 - Level 4.0 Shields


You had 10 spell levels left.
You didn't know any spells.
Your spell library contained the following spells:

 Spells                   Type           Power      Damage    Failure   Level
 Blink                    Tloc           0%         N/A       99%         2
 Inner Flame              Hex/Fire       0%         N/A       100%        3
 Lesser Beckoning         Tloc           0%         N/A       100%        3
 Portal Projectile        Hex/Tloc       0%         N/A       100%        3
 Animate Dead             Necr           0%         N/A       100%        4
 Cause Fear               Hex            0%         N/A       100%        4
 Blade Hands              Tmut           0%         N/A       100%        5
 Excruciating Wounds      Necr           0%         N/A       100%        5
 Iskenderun's Battlesphe  Conj           0%         2d6       100%        5
 Manifold Assault         Tloc           0%         N/A       100%        5
 Iron Shot                Conj/Erth      0%         9d1       100%        6
 Haunt                    Necr/Summ      0%         N/A       100%        7
 Spellforged Servitor     Conj/Summ      0%         N/A       100%        7
 Discord                  Hex            0%         N/A       100%        8
 Infestation              Necr           0%         N/A       100%        8


Dungeon Overview and Level Annotations

Branches:
Dungeon (12/15)            Temple (0/1) D:6            Lair (0/6) D:10
    Orc (0/2) D:10        Ossuary (visited)

Shops:
D:8 :


Innate Abilities, Weirdness & Mutations

You have an increased reservoir of magic. (+10% MP)
You shall have no god before yourself.
Your divine heritage dramatically boosts your attributes as you level up.


Message History

The wolf is lightly wounded.
The wolf spider simulacrum closely misses you.
You block the wolf spider simulacrum's attack.
The wolf completely misses you.
You miss the wolf.
The wolf is lightly wounded.
The wolf bites you.
The wolf spider simulacrum hits you but does no damage.
The wolf spider simulacrum bites you but does no damage.
The wolf bites you.
You hit the wolf.
The wolf is moderately wounded.
The wolf spider simulacrum hits you! The wolf spider simulacrum freezes you!
The wolf spider simulacrum bites you.
The wolf spider simulacrum freezes you!!
The wolf barely misses you.
You miss the wolf.
The wolf is moderately wounded.
The wolf spider simulacrum hits you but does no damage.
The wolf spider simulacrum bites you but does no damage.
The wolf bites you but does no damage.
You impale the wolf!!
You kill the wolf!
You block the wolf spider simulacrum's attack.
The wolf spider simulacrum bites you.
The wolf spider simulacrum freezes you!!
* * * LOW HITPOINT WARNING * * *
You are too injured to fight recklessly!
You are too injured to fight recklessly!
Unknown command.
You barely miss the wolf spider simulacrum.
The wolf spider simulacrum barely misses you.
The wolf spider simulacrum bites you but does no damage.
Unknown command.
You puncture the wolf spider simulacrum!
The wolf spider simulacrum is moderately damaged.
The wolf spider simulacrum hits you!
* * * LOW HITPOINT WARNING * * *
The wolf spider simulacrum freezes you!!
You die...

## ######.###
+.##........#
#..#........###
...............
.......).......
........$....
...8..Z...#
.......@..#
.......#..#
....... ...#
..##### #.... #
#####


You could see a wolf spider simulacrum.

Vanquished Creatures
  4 two-headed ogres
  A wolf spider zombie (D:7)
  A cyclops (D:11)
  7 centaur zombies
  3 centaur skeletons (D:7)
  2 unseen horrors (D:10)
  2 komodo dragons
  3 trolls
  A hellwing (D:7)
  The ghost of Faeu the Chopper, an amateur MiBe of Trog (D:4)
  Sigmund (D:5)
  A wraith (D:11)
  3 wyverns
  2 shadows
  A yak (D:10)
  2 basilisks (D:10)
  2 steam dragons
  Menkaure (D:4)
  3 acid dragons
  Duvessa (D:5)
  2 orc warriors
  2 ice beasts
  4 ogres (D:5)
  A sky beast (D:7)
  A necrophage (D:7)
  7 centaurs
  A wolf (D:12)
  A phantom (D:4)
  5 bullfrogs
  A gnoll sergeant (D:5)
  2 scorpions
  Dowan (D:5)
  A water moccasin skeleton (D:4)
  15 killer bees
  5 wights
  3 howler monkeys
  2 bullfrog zombies
  2 hounds
  3 human zombies (Ossuary)
  4 jellies
  6 orc priests
  2 bullfrog skeletons (D:6)
  4 iguanas
  Terence (D:3)
  12 orc wizards
  A killer bee zombie (D:9)
  2 hound zombies (D:5)
  2 hound skeletons
  3 mummies (Ossuary)
  A howler monkey zombie (D:10)
  12 adders
  6 gnolls
  7 shadow imps
  An ufetubus (D:12)
  2 worms
  2 dart slugs
  32 orcs
  5 ball pythons
  8 endoplasms
  5 giant cockroaches
  19 goblins
  5 hobgoblins
  8 jackals
  A quokka (D:1)
  5 bats
  3 frilled lizards
  2 hobgoblin zombies (Ossuary)
  4 kobolds
  2 kobold zombies (Ossuary)
  An orc zombie (Ossuary)
  6 rats
275 creatures vanquished.

Vanquished Creatures (others)
  18 withered plants (D:7)
18 creatures vanquished.

Grand Total: 293 creatures vanquished

Notes
Turn   | Place    | Note
-------+----------+-------------------------------------------
     0 | D:1      | McKennaii the Demigod Fighter began the quest for the Orb.
     0 | D:1      | Reached XP level 1. HP: 18/18 MP: 3/3
   223 | D:1      | Reached XP level 2. HP: 25/25 MP: 4/4
   850 | D:2      | Reached XP level 3. HP: 31/31 MP: 5/5
  1840 | D:3      | Reached XP level 4. HP: 38/38 MP: 6/6
  1936 | D:3      | Noticed Terence
  1947 | D:3      | Killed Terence
  2559 | D:3      | Reached XP level 5. HP: 44/45 MP: 7/7
  2889 | D:4      | Found a transporter.
  2889 | D:4      | Noticed Faeu's ghost (amateur MiBe)
  2982 | D:4      | Found a sand-covered staircase.
  2996 | D:4      | Noticed Menkaure
  3002 | D:4      | Killed Menkaure
  3003 | D:4      | Reached XP level 6. HP: 43/52 MP: 8/8
  3054 | Ossuary  | Entered an ossuary
  3552 | D:4      | Found a transporter.
  3752 | D:5      | Entered Level 5 of the Dungeon
  3789 | D:5      | Reached XP level 7. HP: 60/60 MP: 9/9
  4001 | D:5      | Reached skill level 5 in Fighting
  4001 | D:5      | Reached skill level 5 in Armour
  4428 | D:5      | Reached skill level 5 in Polearms
  4481 | D:5      | Reached XP level 8. HP: 66/69 MP: 10/10
  4607 | D:5      | Noticed Sigmund
  4632 | D:5      | Killed Sigmund
  5127 | D:5      | Noticed Dowan
  5128 | D:5      | Noticed Duvessa
  6289 | D:6      | Found a staircase to the Ecumenical Temple.
  6782 | D:7      | Noticed a hellwing
  7593 | D:7      | Reached XP level 9. HP: 78/78 MP: 11/11
  8945 | D:7      | Noticed a hellwing
  9658 | D:7      | Killed a hellwing
  9666 | D:7      | Reached XP level 10. HP: 44/90 MP: 13/13
 10125 | D:7      | Identified the +1 flail of the Land of Plenty {antimagic,
                  | Str+7}
 10365 | D:8      | Noticed a two-headed ogre
 10489 | D:8      | Found Qosyzuck's Self-Improvement Boutique.
 11087 | D:8      | Killed a two-headed ogre
 12107 | D:9      | Noticed a two-headed ogre
 12306 | D:5      | Killed Dowan
 12382 | D:5      | Killed Duvessa
 12582 | D:4      | Killed Faeu's ghost
 12914 | D:9      | Noticed a two-headed ogre
 12923 | D:9      | Killed a two-headed ogre
 12929 | D:9      | Reached XP level 11. HP: 75/97 MP: 14/14
 13033 | D:10     | Entered Level 10 of the Dungeon
 13033 | D:10     | Found a staircase to the Orcish Mines.
 13786 | D:10     | Reached skill level 10 in Armour
 13987 | D:10     | Reached skill level 10 in Fighting
 14225 | D:10     | Found a staircase to the Lair.
 14704 | D:9      | Killed a two-headed ogre
 14705 | D:9      | Reached skill level 10 in Polearms
 15062 | D:11     | Noticed a death knight
 15170 | D:11     | Noticed a two-headed ogre
 15183 | D:11     | Killed a two-headed ogre
 15792 | D:10     | Identified a scroll of acquirement
 15796 | D:10     | Acquired a +5 demon trident of electrocution
 16269 | D:12     | Demolished by a wolf spider simulacrum

Illustrated notes

Levels and vault maps discovered:
D:1:      minmay_arrival_nine_rooms, layout_basic, minmay_misc_feat_iff
D:2:      layout_loops_ring, shapermc_ecumenical_altar_totnotflames,
          mrwooster_statue_mirror, minmay_misc_feat_ornament,
          minmay_misc_feat_roman
D:3:      layout_loops_corners, minivault_26, uniq_terence
D:4:      layout_rooms, nicolae_overflow_crystal_walls, enter_ossuary_1,
          gammafunk_ghost_mausoleum, item_on_display_a, uniq_menkaure
D:5:      layout_gridville, portal_sewer_entry_d, uniq_duvessa, uniq_sigmund
D:6:      layout_rooms, nzn_wu_jian_council_hall, minmay_temple_entry_trees,
          corexii_corridor_pit, minmay_ogre_servants
D:7:      cheibrodos_grave_circle, layout_basic
D:8:      layout_gridville, okawaru_ov_weapons_minmay,
          mainiacjoe_overflow_six_doors_small, nicolae_shop_self_help
D:9:      layout_cross, nicolae_wwwww, kennysheep_small_square
D:10:     minmay_recursive_quarters, layout_long_grid, erik_lair_dragon,
          orc_0_dummy
D:11:     layout_layer_cave
D:12:     layout_roguey, serial_ice, serial_ice_n, serial_ice_g, serial_ice_a,
          serial_ice_h, serial_ice_d, serial_ice_o, serial_ice_j, slow_altar_2

Skill      XL: |  1  2  3  4  5  6  7  8  9 10 11 |
---------------+----------------------------------+-----
Polearms       | 2 3 4 5 6 8 9 10 | 10.4
Armour         | 3 4 5 6 8 9 10 | 10.6
Shields        | 3 4 |  4.0
Fighting       | 3 4 5 6 8 9 10 | 10.6

Action                   |  1- 3 |  4- 6 |  7- 9 | 10-12 || total
-------------------------+-------+-------+-------+-------++-------
Melee: Trident           |   140 |   241 |   487 |   457 ||  1325
       Demon trident     |       |       |       |    16 ||    16
Evoke: Wand              |       |       |     1 |     6 ||     7
  Use: Potion            |       |       |     6 |       ||     6
       Scroll            |       |       |     2 |    11 ||    13
 Stab: Paralysed         |       |       |       |    10 ||    10
Armor: Scale mail        |    59 |    85 |    53 |       ||   197
       Chain mail        |       |       |   275 |    43 ||   318
       Plate armour      |       |       |       |   267 ||   267
Dodge: Dodged            |    55 |    87 |   218 |   203 ||   563
Block: Buckler           |    28 |    54 |   129 |    88 ||   299
